 Dungeon Crawl Stone Soup version 0.28-b1-1-g3c77fb2ed1 (webtiles) character file.

Game seed: 16321688070084872873

714955 Kaptain the Petrodigitator (level 27, 0/165 HPs)
             Began as a Gargoyle Earth Elementalist on Jan 28, 2022.
             Slain by a sun demon (4 damage)
             ... in Pandemonium on Jan 29, 2022.
             The game lasted 08:41:25 (147589 turns).

Kaptain the Petrodigitator (GrEE)                 Turns: 147589, Time: 08:41:25

Health: 0/165      AC: 41    Str: 14      XL:     27
Magic:  2/53       EV: 10    Int: 23 (28) God:
Gold:   6106       SH: 17    Dex: 10      Spells: 12/70 levels left

rFire   + + .      SeeInvis +   a - +8 mithril axe "Arga" {speed, Will+}
rCold   + + +      Faith    .   I - +1 kite shield {rC+}
rNeg    + + +      Spirit   .   L - +0 shadow dragon scales
rPois   ∞          Reflect  +   e - -2 hat of the Alchemist {rElec rPois rF+ rC+ rN+ Will+ rMut rCorr}
rElec   +          Harm     .   (no cloak)
rCorr   +          Rampage  .   z - +0 pair of gloves "Zyexeh" {MP+9}
rMut    +                       G - +0 pair of boots
Will    +++++                   n - amulet of Dithmenos's Delight {Reflect Fragile rC++ Will+ SH+5}
Stlth   ++++++++..              Z - ring of Kungiuri {rN+ Will+}
HPRegen 0.37/turn               h - ring of wizardry
MPRegen 0.33/turn

@: resistant, flying, hasted, studying Axes, very quick
A: sickness immunity, AC +20, big wings, negative energy resistance 1,
electricity resistance, torment resistance 1, petrification resistance, see
invisible, frail 1, low mp 1, sturdy frame 1
}: 5/15 runes: serpentine, barnacled, slimy, silver, dark
a: no special abilities


You were in Pandemonium.
You visited 13 branches of the dungeon, and saw 55 of its levels.
You visited Pandemonium 1 time, and saw 9 of its levels.
You visited 1 bazaar.
You also visited: Gauntlet and Desolation.

You collected 9081 gold pieces.
You spent 2975 gold pieces at shops.

Inventory:

Hand Weapons
 a - the +8 mithril axe "Arga" (weapon) {speed, Will+}
   (You found it on level 5 of the Vaults)

   Attacks with this weapon are significantly faster.
   Will:      It increases your willpower.
 s - the +8 trident of Peysoll {holy, Contam +Blink rElec Stlth+}
   (You took it off a deep elf archer on level 3 of the Elven Halls)

   It has been blessed by the Shining One to cause great damage to the undead
   and demons.
   rElec:     It insulates you from electricity.
   +Blink:    It lets you blink.
   Contam:    It causes magical contamination when unequipped.
   Stlth:     It makes you more stealthy.
 U - the +5 eveningstar of the Hungering Eel {flame, Fly rPois rF+++ Str-5}
   (You took it off a meliai on level 3 of the Shoals)

   It burns those it strikes, dealing additional fire damage.
   Str:       It affects your strength (-5).
   rF:        It renders you almost immune to fire.
   rPois:     It protects you from poison.
   Fly:       It grants you flight.
Missiles
 c - 1288 stones
Armour
 e - the -2 hat of the Alchemist (worn) {rElec rPois rF+ rC+ rN+ Will+ rMut rCorr}
   (You bought it in a shop on level 2 of the Orcish Mines)

   rF:        It protects you from fire.
   rC:        It protects you from cold.
   rElec:     It insulates you from electricity.
   rPois:     It protects you from poison.
   rN:        It protects you from negative energy.
   rCorr:     It protects you from acid and corrosion.
   rMut:      It protects you from mutation.
   Will:      It increases your willpower.
 z - the +0 pair of gloves "Zyexeh" (worn) {MP+9}
   (You acquired it on level 15 of the Dungeon)

   MP:        It affects your magic capacity (+9).
 G - a +0 pair of boots (worn)
 I - a +1 kite shield of cold resistance (worn)
 L - +0 shadow dragon scales (worn)
 Q - the +0 cloak of Pantheism {Int+6 Slay-4}
   (You found it in a Gauntlet)

   Int:       It affects your intelligence (+6).
   Slay:      It affects your accuracy & damage with ranged weapons and melee
   (-4).
 T - +2 fire dragon scales
Magical Staves
 l - a staff of earth
 r - a staff of conjuration
Jewellery
 g - a ring of see invisible
 h - a ring of wizardry (right hand)
 m - the amulet of Hoamut {Faith rF+}
   (You took it off a deep elf annihilator on level 3 of the Elven Halls)

   [amulet of faith]

   It allows you to gain divine favour quickly.
   rF:        It protects you from fire.
 n - the amulet of Dithmenos's Delight (around neck) {Reflect Fragile rC++ Will+ SH+5}
   (You found it on level 4 of the Depths)

   [amulet of reflection]

   It reflects blocked missile attacks.
   rC:        It greatly protects you from cold.
   Fragile:   It will be destroyed if unequipped.
   SH:        It affects your SH (+5).
   Will:      It increases your willpower.
 E - a ring of fire
 Z - the ring of Kungiuri (left hand) {rN+ Will+}
   (You took it off an orc knight on level 12 of the Dungeon)

   [ring of willpower]

   rN:        It protects you from negative energy.
   Will:      It increases your willpower.
Wands
 A - a wand of acid (6)
 B - a wand of iceblast (24)
 S - a wand of digging (14)
 X - a wand of flame (7)
Scrolls
 f - 12 scrolls of enchant weapon
 i - a scroll of teleportation
 o - 9 scrolls of fog
 u - 41 scrolls of identify
 v - 4 scrolls of immolation
 x - 3 scrolls of amnesia
 y - 2 scrolls of magic mapping
 F - 7 scrolls of fear
 H - 2 scrolls of enchant armour
 J - a scroll of holy word
 W - 5 scrolls of summoning
Potions
 b - 9 potions of might
 d - 5 potions of cancellation
 j - a potion of berserk rage
 k - a potion of invisibility
 p - 7 potions of brilliance
 q - 5 potions of ambrosia
 t - a potion of haste
 N - 6 potions of curing
 P - 3 potions of magic
 V - 2 potions of resistance
Miscellaneous
 w - a condenser vane
 D - a box of beasts
 K - a lightning rod (4/4)
 M - a phantom mirror
 O - a phial of floods (inert)
 Y - a tin of tremorstones (2/2)


   Skills:
 * Level 22.2 Fighting
 + Level 12.0 Axes
 + Level 19.1 Armour
 + Level 10.4 Dodging
 + Level 17.2 Stealth
 + Level 12.4 Shields
 * Level 22.3 Spellcasting
 * Level 25.7 Conjurations
 - Level 0.7 Transmutations
 - Level 10.1 Fire Magic
 O Level 27 Earth Magic
 - Level 0.3 Evocations


You had 12 spell levels left.
You knew the following spells:

 Your Spells              Type           Power      Damage    Failure   Level
a - Sandblast             Erth           100%       2d20      0%          1
b - Stone Arrow           Conj/Erth      100%       3d13      0%          3
c - Sticky Flame          Conj/Fire      83%        2d9       1%          4
d - Iron Shot             Conj/Erth      49%        9d9       1%          6
e - Iskenderun's Battles  Conj           97%        2d14      0%          5
f - Blink                 Tloc           50%        N/A       9%          2
g - Lee's Rapid Deconstr  Erth           49%        3d24*     0%          5
h - Shatter               Erth           49%        3d38*     9%          9
i - Lehudib's Crystal Sp  Conj/Erth      49%        10d12     1%          8
j - Orb of Destruction    Conj           48%        9d13      1%          7
k - Swiftness             Air            25%        N/A       16%         3
l - Fireball              Conj/Fire      41%        3d17      1%          5

Your spell library contained the following spells:

 Spells                   Type           Power      Damage    Failure   Level
 Foxfire                  Conj/Fire      100%       2x1d9     0%          1
 Magic Dart               Conj           100%       1d8       0%          1
 Shock                    Conj/Air       100%       1d9       1%          1
 Passwall                 Tmut/Erth      60%        N/A       1%          2
 Conjure Flame            Conj/Fire      83%        6-21      1%          3
 Dazzling Flash           Conj/Hex       100%       N/A       1%          3
 Mephitic Cloud           Conj/Pois/Air  60%        N/A       1%          3
 Animate Armour           Summ/Erth      100%       N/A       1%          4
 Flame Wave               Conj/Fire      83%        2d14      1%          4
 Iskenderun's Mystic Bla  Conj/Tloc      71%        2d14      1%          4
 Leda's Liquefaction      Hex/Erth       36%        N/A       1%          4
 Petrify                  Tmut/Erth      73%        N/A       1%          4
 Borgnjor's Vile Clutch   Necr/Erth      36%        N/A       1%          5
 Irradiate                Conj/Tmut      36%        3d26      1%          5
 Lightning Bolt           Conj/Air       35%        1d53      1%          5
 Starburst                Conj/Fire      41%        6d12      1%          6
 Inner Flame              Hex/Fire       48%        N/A       2%          3
 Beastly Appendage        Tmut           58%        N/A       4%          1
 Sting                    Tmut/Pois      100%       1d8       4%          1
 Ignite Poison            Fire/Tmut/Pois 42%        N/A       4%          3
 Freezing Cloud           Conj/Ice/Air   30%        6-21      4%          5
 Conjure Ball Lightning   Conj/Air       35%        3x3d11    4%          6
 Pain                     Necr           100%       1d9       6%          1
 Slow                     Hex            100%       N/A       6%          1
 Wereblood                Tmut           29%        N/A       6%          2
 Call Imp                 Summ           25%        N/A       9%          2
 Corpse Rot               Necr/Air       50%        N/A       9%          2
 Ensorcelled Hibernation  Hex/Ice        50%        N/A       9%          2
 Poisonous Vapours        Pois/Air       50%        N/A       9%          2
 Spider Form              Tmut/Pois      27%        N/A       14%         3
 Call Canine Familiar     Summ           25%        N/A       16%         3
 Confusing Touch          Hex            25%        N/A       16%         3
 Gell's Gravitas          Tloc           25%        N/A       16%         3
 Lesser Beckoning         Tloc           25%        N/A       16%         3
 Portal Projectile        Hex/Tloc       50%        N/A       16%         3
 Summon Guardian Golem    Hex/Summ       25%        N/A       16%         3
 Teleport Other           Tloc           25%        N/A       16%         3
 Tukima's Dance           Hex            25%        N/A       16%         3
 Vampiric Draining        Necr           25%        2d7       16%         3
 Spellforged Servitor     Conj/Summ      35%        N/A       24%         7
 Airstrike                Air            12%        N/A       45%         4
 Anguish                  Hex/Necr       12%        N/A       45%         4
 Animate Dead             Necr           12%        N/A       45%         4
 Summon Lightning Spire   Summ/Air       25%        N/A       45%         4
 Blade Hands              Tmut           14%        N/A       71%         5
 Alistair's Intoxication  Tmut/Pois      18%        N/A       75%         5
 Agony                    Necr           25%        N/A       80%         5
 Excruciating Wounds      Necr           12%        N/A       80%         5
 Manifold Assault         Tloc           25%        N/A       80%         5
 Silence                  Hex/Air        12%        N/A       80%         5
 Summon Forest            Summ/Tloc      12%        N/A       80%         5
 Summon Mana Viper        Hex/Summ       25%        N/A       80%         5
 Eringya's Noxious Bog    Tmut/Pois      13%        N/A       99%         6
 Death Channel            Necr           12%        N/A       100%        6
 Dispersal                Tloc           12%        N/A       100%        6
 Summon Cactus Giant      Summ           12%        N/A       100%        6
 Dragon Form              Tmut           14%        N/A       100%        7
 Enfeeble                 Hex            12%        N/A       100%        7
 Haunt                    Necr/Summ      12%        N/A       100%        7
 Malign Gateway           Summ/Tloc      12%        N/A       100%        7
 Monstrous Menagerie      Summ           12%        N/A       100%        7
 Storm Form               Tmut/Air       13%        N/A       100%        7
 Summon Hydra             Summ           12%        N/A       100%        7
 Infestation              Necr           12%        N/A       100%        8
 Maxwell's Capacitive Co  Air            12%        ∞         100%        8
 Summon Horrible Things   Summ           12%        N/A       100%        8
 Statue Form              Tmut/Erth      Unusable   N/A       N/A         6
 Sublimation of Blood     Necr           Unusable   N/A       N/A         2

Dungeon Overview and Level Annotations

Branches:
Dungeon (15/15)            Temple (1/1) D:4            Lair (6/6) D:8
 Shoals (4/4) Lair:3        Snake (4/4) Lair:3        Slime (5/5) Lair:5
    Orc (2/2) D:11            Elf (3/3) Orc:2        Vaults (5/5) D:14
  Crypt (3/3) Vaults:2       Tomb (2/3) Crypt:3      Depths (4/4) D:15
   Hell (visited)             Dis (0/7) Hell            Geh (0/7) Hell
    Coc (0/7) Hell            Tar (0/7) Hell            Zot (0/5) Depths:4
Desolation (visited)      Gauntlet (visited)

Altars:
Ashenzari
Cheibriados
Dithmenos
Elyvilon
Fedhas
Gozag
Hepliaklqana
Kikubaaqudgha
Makhleb
Nemelex Xobeh
Okawaru
Qazlal
Ru
Sif Muna
Trog
Uskayaw
Vehumet
Wu Jian
Xom
Yredelemnul
Zin
The Shining One
Beogh
Jiyva

Shops:
D:3 :   D:15 *   Orc:2 [*(:   Elf:1 [   Shoals:2 *   Shoals:3 *(?(!
Shoals:4 [*(:(   Snake:1 [   Snake:3 *   Snake:4 =:=   Vaults:4 :
Depths:3 =[*

Portals:
Hell: Depths:1 Depths:2 Depths:3 Depths:4
Abyss: Depths:3
Pandemonium: Depths:2 Depths:4
Ziggurat: Depths:1

Annotations:
Snake:1 4 transporters
Vaults:4 2 runed translucent doors, tamionv's ghost, adept GrFi
Tomb:2 Khufu


Innate Abilities, Weirdness & Mutations

You are immune to sickness and miasma.
Your stone body is resilient. (AC +20)
You are immune to poison.
Your large and strong wings let you fly.
You resist negative energy. (rN+)
You are resistant to electric shocks. (rElec)
You are resistant to unholy torment.
You are immune to petrification.
You have supernaturally acute eyesight. (SInv)
You are frail. (-10% HP)
Your magical capacity is low. (-10% MP)
Your movements are slightly less encumbered by armour. (ER -2)


Message History

Aiming: Iceblast
Press: ? - help, Shift-Dir - straight line, f/p - sun demon
Aim: a sun demon (lightly wounded)
The mass of ice explodes!
The iceblast engulfs the sun demon but does no damage.
The sun demon is lightly wounded.
Aiming: Iceblast
Press: ? - help, Shift-Dir - straight line, f/p - sun demon
Aim: a sun demon (lightly wounded)
The mass of ice explodes!
The iceblast engulfs the sun demon.
The sun demon is lightly wounded.
Unknown command.
Aiming: Iceblast
Press: ? - help, Shift-Dir - straight line, f/p - sun demon
Aim: a sun demon (lightly wounded)
The mass of ice explodes!
The iceblast engulfs the sun demon!
The sun demon is frozen!
The sun demon is heavily wounded.
Unknown command.
Aim the phial where?
Press: ? - help, Shift-Dir - straight line, f/p - sun demon
Aim: a sun demon (heavily wounded)
The torrent of water misses the sun demon.
The wave splashes down.
The sun demon is engulfed in water.
Unknown command.
Casting: Sandblast (safe; 0% risk of failure)
Confirm with . or Enter, or press ? or * to list all spells.
Aiming: Stone Arrow (safe; 0% risk of failure)
Press: ? - help, Shift-Dir - straight line, f/p - sun demon
Aim: a sun demon (heavily wounded, waterlogged, 72% to hit)
The stone arrow hits the sun demon.
The sun demon is heavily wounded.
You block the sun demon's attack.
Unknown command.
You slash the sun demon!
The sun demon is severely wounded.
The sun demon hits you!
* * * LOW HITPOINT WARNING * * *
You are engulfed in flames.
You resist.
You die...

########## #@3≈))..)##
#########.## ###########
##.## #
##.....#.).##########)##
# #.....s.###)....#.#
##3## # #####....3.#
#.....#.# ##3## #
###..###....##
#....3.3#####).###
.......##..##
#....4[3.33.#?....
##..3...##.#
#...##.#####3)###.


You could see a sun demon (waterlogged).

Vanquished Creatures
  the Royal Jelly (Slime:5)
  A dread lich (Vaults:5)
  3 ancient liches
  22 royal mummies
  Sojobo (Vaults:2)
  Boris (Crypt:2)
  Bai Suzhen (Depths:2)
  Vashnia (Snake:3)
  4 pandemonium lords (Pan)
  Geryon (Hell)
  5 golden dragons
  2 bone dragons
  A profane servitor (Crypt:3)
  3 tentacled monstrosities
  Jorgrun (Snake:1)
  13 Ice Fiends (Pan)
  3 deep elf blademasters
  Mlioglotl (Snake:2)
  A shard shrike skeleton (Hell)
  4 searing wretches (Hell)
  6 liches
  Asterion (Vaults:2)
  3 deep elf master archers (Elf:3)
  3 titans
  10 sphinxes
  8 ancient champions
  Polyphemus (Shoals:2)
  17 acid blobs
  51 Executioners (Pan)
  Frances (Shoals:1)
  4 shadow dragons
  Gastronok (Lair:2)
  Kirke (Lair:3)
  3 tengu reavers
  8 storm dragons
  11 rockslimes
  9 fire giants
  6 revenants
  5 nagarajas (Snake:4)
  Ilsuiw (Shoals:4)
  An iron dragon (Vaults:5)
  A fenstrider witch (shapeshifter) (Depths:1)
  4 demonspawn warmongers (Pan)
  8 azure jellies
  Aizul (D:15)
  22 balrugs
  4 deep elf sorcerers
  4 frost giants
  2 imperial myrmidons (Desolation)
  A draconian shifter (Depths:4)
  15 vault wardens
  2 orc warlords
  4 ghouls
  A draconian annihilator (Depths:4)
  4 curse skulls
  10 cacodemons (Pan)
  4 war gargoyles
  2 angels (Vaults:1)
  3 demonspawn corrupters (Pan)
  7 deep elf elementalists
  6 demonspawn blood saints (Pan)
  A spriggan defender (Depths:2)
  13 stone giants
  2 caustic shrike skeletons
  7 ironbound thunderhulks
  17 ironbound preservers
  7 quicksilver oozes
  A black draconian (Depths:4)
  12 reapers
  The ghost of Epsin the Fighter, a journeyman MiFi of Okawaru (D:15)
  2 elemental wellsprings (Hell)
  A putrid mouth (Hell)
  2 bennus (Tomb:1)
  8 vampire knights
  18 very ugly things
  2 juggernaut skeletons (Pan)
  2 entropy weavers
  7 demonspawn black suns (Pan)
  19 lorocyprocas
  A red draconian (Depths:4)
  8 deep elf demonologists
  12 deep elf annihilators
  4 halazid warlocks
  10 dire elephants
  A wendigo (Hell)
  The ghost of Tinylith the Warrior, a journeyman MfBe of Trog (Lair:3)
  2 yellow draconians (Depths:4)
  2 minotaurs
  2 white draconians
  13 green deaths (Pan)
  3 eidola
  Snorg (Lair:5)
  11 ettins
  3 crystal guardians
  4 blizzard demons
  8 deep elf death magi
  19 yaktaur captains
  A quicksilver dragon zombie (Crypt:2)
  8 merfolk javelineers
  7 mummy priests (Tomb:1)
  6 fire dragons
  33 jiangshi
  4 merfolk impalers
  6 great orbs of eyes
  A spectral fenstrider witch (Crypt:3)
  4 ragged hierophants (Desolation)
  A quicksilver dragon skeleton (Pan)
  2 spriggan zombies
  8 deep elf high priests
  2 hell beasts (Pan)
  3 salamander tyrants (Snake:4)
  10 hydras
  15 naga warriors
  A catoblepas (Shoals:2)
  6 servants of whispers (Desolation)
  28 vault guards
  An ice dragon (Depths:1)
  An ice dragon (shapeshifter) (Depths:4)
  8 peacekeepers
  5 rakshasas
  An ogre mage (Vaults:5)
  A fenstrider witch zombie (Hell)
  2 spriggan skeletons
  5 boulder beetles
  4 merfolk avatars
  11 anacondas
  8 ironbound frosthearts
  A spriggan air mage (Depths:3)
  10 death knights
  A juggernaut simulacrum (Hell)
  11 centaur warriors
  3 alligator snapping turtles
  27 dancing weapons
  A death yak (shapeshifter) (Depths:2)
  A stoker (Hell)
  6 merfolk aquamancers
  2 two-headed ogres (D:11)
  3 deep troll earth magi
  3 satyrs
  4 tengu warriors
  10 death yaks
  5 vampire magi
  3 deep troll shamans
  10 death scarabs (Tomb:1)
  23 naga sharpshooters
  3 orc high priests (Orc:2)
  A spriggan (Depths:3)
  17 shock serpents
  A hell hog (Depths:1)
  39 soul eaters
  19 deep elf knights
  4 spriggan berserkers
  Nergalle (Lair:2)
  91 sun demons
  15 hell knights
  An iron troll (Depths:3)
  5 flayed ghosts
  27 skeletal warriors
  A death drake (shapeshifter) (Vaults:3)
  A golden dragon zombie (Crypt:1)
  A cherub (Pan)
  8 salamander mystics
  14 shadow wraiths
  14 sea snakes
  12 sixfirhies
  A quicksilver dragon simulacrum (Hell)
  2 spriggan simulacra (Hell)
  A storm dragon skeleton (Pan)
  48 deep trolls
  2 glowing orange brains
  10 orc knights
  5 bog bodies
  5 shadow demons (Pan)
  2 orange crystal statues
  13 naga ritualists
  2 bunyip skeletons (Pan)
  18 phantasmal warriors
  18 deep elf archers
  10 wizards
  9 harpies
  15 ironbound convokers
  29 deep elf pyromancers
  14 necromancers
  2 anaconda skeletons (Pan)
  16 mana vipers
  4 lindwurms
  25 deep elf zephyrmancers
  2 stone giant zombies (Depths:1)
  5 cyclopes
  A wolf spider (D:12)
  22 salamanders
  7 fauns
  18 elephants
  A spectral alligator snapping turtle (Crypt:3)
  3 shining eyes
  73 large abominations
  15 manticores
  8 orc sorcerers
  An elephant (shapeshifter) (Vaults:5)
  A moth of wrath (Gauntlet)
  29 ugly things
  22 vault sentinels
  A stone giant skeleton (Pan)
  3 centaur zombies
  11 guardian serpents
  47 black mambas
  An eleionoma skeleton (Crypt:2)
  3 rust devils (Pan)
  8 merfolk sirens
  A molten gargoyle (Desolation)
  25 naga magi
  16 smoke demons
  A torpor snail (Lair:2)
  4 eyes of devastation
  2 naga skeletons (Pan)
  14 hellions (Pan)
  3 water nymphs
  2 dire elephant skeletons (Pan)
  18 komodo dragons
  6 orange demons
  5 rime drakes
  2 rime drakes (shapeshifter)
  2 efreet
  8 unseen horrors
  A death yak zombie (Crypt:1)
  36 demonic crawlers (Pan)
  12 cane toads
  A komodo dragon (shapeshifter) (Vaults:5)
  46 yaktaurs
  A pale draconian skeleton (Crypt:2)
  3 ice devils
  7 freezing wraiths
  An alligator snapping turtle skeleton (Hell)
  2 kobold demonologists
  A golden dragon simulacrum (Hell)
  A bunyip simulacrum (Hell)
  2 harpy zombies
  3 polar bears
  6 red devils
  6 tormentors (Pan)
  A minotaur skeleton (Crypt:2)
  A yellow draconian skeleton (Crypt:1)
  7 hellwings (Pan)
  3 tengu conjurers
  14 guardian mummies
  4 trolls
  22 merfolk
  A polar bear (shapeshifter) (D:12)
  A sphinx simulacrum (Vaults:2)
  3 blink frogs (Lair:2)
  82 slime creatures
  6 meliai
  37 saltlings (Desolation)
  4 harpy skeletons (Pan)
  A merfolk (shapeshifter) (Vaults:5)
  6 wind drakes
  A hornet (Depths:3)
  An iron dragon simulacrum (Hell)
  An ettin zombie (Depths:1)
  A dream sheep (shapeshifter) (Vaults:5)
  9 snapping turtles
  11 dream sheep
  68 flying skulls
  2 air elementals
  A jumping spider (shapeshifter) (Vaults:5)
  3 centaur simulacra
  21 water elementals
  2 ettin skeletons (Pan)
  5 shadows
  An alligator skeleton (Crypt:1)
  4 wraiths
  5 hogs
  6 wyverns
  6 ushabtiu (Tomb:1)
  3 fire elementals
  37 yaks
  2 black mamba skeletons (Pan)
  50 ynoxinuls
  A steam dragon (Lair:3)
  A dire elephant simulacrum (Hell)
  7 basilisks
  21 humans (D:14)
  13 neqoxecs (Pan)
  A golden eye (Slime:5)
  10 vampire mosquitoes
  2 redbacks
  33 chaos spawn (Pan)
  A harpy simulacrum (Crypt:1)
  44 nagas
  3 swamp worms (Gauntlet)
  A demonspawn zombie (Crypt:2)
  18 water moccasins
  4 wargs
  2 naga zombies
  3 floating eyes
  A hell hound (Lair:6)
  38 orc warriors
  2 ice beasts
  3 black bears (D:5)
  7 necrophages
  14 boggarts
  3 sky beasts
  An ettin simulacrum (Hell)
  3 centaurs
  8 ogres
  23 wolves
  A dream sheep skeleton (Crypt:1)
  3 small abominations (Crypt:3)
  2 phantoms
  3 human zombies
  16 bullfrogs
  A scorpion (D:4)
  2 gnoll sergeants (D:9)
  2 draconian skeletons (Crypt:1)
  2 earth elementals
  A palentonga skeleton (Crypt:2)
  A water moccasin skeleton (Crypt:1)
  9 killer bees (D:10)
  4 wights
  7 howler monkeys
  2 electric eels
  A jelly (D:7)
  A gnoll shaman (D:10)
  5 centaur skeletons
  2 hounds (D:5)
  22 orc priests
  A bullfrog skeleton (D:5)
  An iguana (D:6)
  Ijyb (D:3)
  25 orc wizards
  2 human skeletons (Crypt:1)
  33 mummies
  A howler monkey zombie (D:5)
  9 adders
  12 gnolls
  2 white imps (D:6)
  An ufetubus (D:5)
  3 adder skeletons
  A worm (D:2)
  117 orcs
  4 endoplasms
  4 giant cockroaches
  3 goblins
  7 hobgoblins
  5 kobolds
  6 quokkas
  5 ball pythons
  3 bats
  5 frilled lizards
  A giant cockroach zombie (Crypt:1)
  8 rats
  A creeping inferno (Hell)
  2 fire vortices (Hell)
2967 creatures vanquished.

Vanquished Creatures (collateral kills)
  A guardian serpent (Snake:3)
1 creature vanquished.

Vanquished Creatures (others)
  A smoke demon (Pan)
  A ynoxinul (Pan)
  2 orc warriors (Vaults:5)
  2 bushes
  A demonic plant (Gauntlet)
  A fire vortex (Hell)
  81 fungi
  179 plants
268 creatures vanquished.

Grand Total: 3236 creatures vanquished

Notes
Turn   | Place    | Note
-------+----------+-------------------------------------------
     0 | D:1      | Kaptain the Gargoyle Earth Elementalist began the quest for
                  | the Orb.
     0 | D:1      | Reached XP level 1. HP: 10/10 MP: 3/3
   376 | D:1      | Reached XP level 2. HP: 16/16 MP: 3/5
   795 | D:1      | Reached skill level 4 in Earth Magic
   861 | D:1      | Found a faded altar of an unknown god.
   862 | D:1      | Noticed a floating eye
   865 | D:1      | Noticed an eye of devastation
   865 | D:1      | Noticed a shining eye
   865 | D:1      | Noticed a great orb of eyes
   868 | D:1      | Reached XP level 3. HP: 20/20 MP: 2/6
  2042 | D:2      | Reached skill level 1 in Fighting
  2042 | D:2      | Reached XP level 4. HP: 25/25 MP: 4/8
  2046 | D:2      | Learned a level 3 spell: Stone Arrow
  2051 | D:2      | Learned a level 4 spell: Sticky Flame
  2321 | D:3      | Found a snail-covered altar of Cheibriados.
  2321 | D:3      | Found a stormy altar of Qazlal.
  2321 | D:3      | Found a shimmering altar of Xom.
  2329 | D:3      | Noticed Ijyb
  2340 | D:3      | Reached skill level 1 in Armour
  2346 | D:3      | Gained mutation: You tend to lose your temper in combat.
                  | [potion of mutation]
  2346 | D:3      | Gained mutation: You passively dampen the noise of your
                  | surroundings. [potion of mutation]
  2346 | D:3      | Gained mutation: You are strong-willed. (Will+) [potion of
                  | mutation]
  2620 | D:3      | Found Ihopp's Book Shoppe.
  2651 | D:3      | Noticed a phantom
  2661 | D:3      | Killed a phantom
  2662 | D:3      | Reached skill level 1 in Conjurations
  2662 | D:3      | Reached XP level 5. HP: 25/29 MP: 0/9
  3157 | D:3      | Killed Ijyb
  3319 | D:4      | Noticed an ogre
  3559 | D:4      | Found a staircase to the Ecumenical Temple.
  3568 | D:4      | Reached XP level 6. HP: 16/34 MP: 6/11
  3735 | Temple   | Entered the Ecumenical Temple
  4079 | D:4      | Reached skill level 5 in Earth Magic
  4401 | D:4      | Noticed a necrophage
  4408 | D:4      | Killed a necrophage
  4409 | D:4      | Reached XP level 7. HP: 40/40 MP: 4/12
  5113 | D:5      | Entered Level 5 of the Dungeon
  5132 | D:5      | Noticed a wyvern
  5141 | D:5      | Killed a wyvern
  5303 | D:5      | Reached skill level 6 in Earth Magic
  5346 | D:5      | Reached XP level 8. HP: 45/45 MP: 7/14
  7038 | D:6      | Reached skill level 5 in Spellcasting
  7270 | D:7      | Reached skill level 7 in Earth Magic
  7445 | D:7      | Reached XP level 9. HP: 43/51 MP: 11/16
  7503 | D:7      | Reached skill level 5 in Conjurations
  8548 | D:8      | Found a staircase to the Lair.
  8613 | D:8      | Reached skill level 5 in Stealth
  9166 | D:8      | Reached skill level 1 in Shields
  9897 | D:9      | Reached skill level 8 in Earth Magic
 10293 | D:9      | Found a glowing silver altar of Zin.
 10294 | D:9      | Noticed an angel
 10434 | D:9      | Reached XP level 10. HP: 51/58 MP: 2/19
 10976 | D:10     | Entered Level 10 of the Dungeon
 11064 | D:10     | Noticed a cyclops
 11564 | D:10     | Reached skill level 5 in Armour
 11569 | D:10     | Reached skill level 5 in Fighting
 11569 | D:10     | Reached skill level 9 in Earth Magic
 11645 | D:10     | Killed a cyclops
 11924 | D:10     | Found a broken altar of Ashenzari.
 12060 | D:10     | Found a large runed translucent door.
 12061 | D:10     | Found a large runed translucent door.
 12107 | D:10     | Found a bloodstained altar of Trog.
 12112 | D:10     | Found a glowing golden altar of the Shining One.
 12142 | D:10     | Killed an unseen horror
 12533 | Lair:1   | Entered Level 1 of the Lair of Beasts
 12543 | Lair:1   | Reached XP level 11. HP: 64/64 MP: 12/21
 13704 | Lair:2   | Noticed Gastronok
 13721 | Lair:2   | Killed Gastronok
 13722 | Lair:2   | Reached skill level 10 in Earth Magic
 14487 | Lair:2   | Noticed a four-headed hydra
 14497 | Lair:2   | Killed a four-headed hydra
 14498 | Lair:2   | Reached skill level 5 in Dodging
 14710 | Lair:2   | Noticed a death yak
 14771 | Lair:2   | Noticed Nergalle
 14929 | D:3      | Bought a book of Power for 504 gold pieces
 14936 | D:3      | Learned a level 6 spell: Iron Shot
 15191 | Lair:2   | Killed Nergalle
 15192 | Lair:2   | Reached XP level 12. HP: 70/70 MP: 0/24
 15628 | Lair:2   | Noticed a death yak
 15676 | Lair:1   | Killed a death yak
 15809 | Lair:2   | Killed a death yak
 16359 | Lair:3   | Reached skill level 5 in Shields
 16373 | Lair:3   | Reached skill level 11 in Earth Magic
 16490 | Lair:3   | Learned a level 5 spell: Iskenderun's Battlesphere
 16695 | Lair:3   | Found a staircase to the Shoals.
 16842 | Lair:3   | Learned a level 2 spell: Blink
 16979 | Lair:3   | Found a large runed translucent door.
 16980 | Lair:3   | Found a large runed translucent door.
 16983 | Lair:3   | Noticed Tinylith's ghost (journeyman MfBe)
 17148 | Lair:3   | Found a staircase to the Snake Pit.
 18064 | Lair:4   | Noticed Kirke
 18191 | Lair:4   | Noticed a six-headed hydra
 18197 | Lair:4   | Killed a six-headed hydra
 18222 | Lair:4   | Reached skill level 10 in Conjurations
 18224 | Lair:4   | Noticed an eight-headed hydra
 18548 | Lair:4   | Reached XP level 13. HP: 24/76 MP: 12/26
 19252 | Lair:4   | Reached skill level 12 in Earth Magic
 21904 | Lair:5   | Noticed Snorg
 22020 | Lair:5   | Killed Snorg
 22143 | Lair:5   | Found a viscous altar of Jiyva.
 22144 | Lair:5   | Found a staircase to the Slime Pits.
 23240 | Lair:6   | Entered Level 6 of the Lair of Beasts
 23283 | Lair:6   | Gained mutation: Your large and strong wings let you fly.
                  | [Gargoyle growth]
 23283 | Lair:6   | Reached XP level 14. HP: 84/84 MP: 14/27
 23526 | Lair:6   | Reached skill level 10 in Spellcasting
 23685 | Lair:6   | Reached skill level 13 in Earth Magic
 24488 | Lair:6   | Identified the +3 scythe "Omelette" {pain, Dex+4}
 24612 | Lair:4   | Identified the +3 mace of the Rattlesnake {speed, Will+}
 25404 | Lair:6   | Noticed a dire elephant
 25836 | Lair:6   | Killed a dire elephant
 26469 | Lair:6   | Found a burning altar of Makhleb.
 26749 | D:10     | Found an iron altar of Okawaru.
 26959 | D:11     | Found a gate leading to a gauntlet.
 26964 | Gauntlet | Entered a Gauntlet
 26964 | Gauntlet | Found a transporter.
 26964 | Gauntlet | Found a transporter.
 26968 | Gauntlet | Found a transporter.
 26968 | Gauntlet | Found a transporter.
 26978 | Gauntlet | Found a transporter.
 26999 | Gauntlet | Found a transporter.
 27007 | Gauntlet | Found a transporter.
 27007 | Gauntlet | Found a transporter.
 27011 | Gauntlet | Found a transporter.
 27042 | Gauntlet | Found a transporter.
 27043 | Gauntlet | Noticed a dire elephant
 27045 | Gauntlet | Found a transporter.
 27067 | Gauntlet | Found a transporter.
 27102 | Gauntlet | Found a transporter.
 27116 | Gauntlet | Found a transporter.
 27217 | Gauntlet | Found a transporter.
 27231 | Gauntlet | Found a transporter.
 27732 | Gauntlet | Identified the +4 rapier of Valour {protect, rPois}
 28026 | Gauntlet | Identified the +0 cloak of Pantheism {Int+6 Slay-4}
 28128 | Gauntlet | Identified the +10 longbow of Quantum Leap {venom, *Corrode
                  | Fly rElec}
 28138 | Gauntlet | Identified the +2 helmet "Xaeqeoro" {rPois}
 28138 | Gauntlet | Identified the +0 chain mail of the Hidden Vale {-Tele
                  | rPois Regen+}
 28870 | D:11     | Found a staircase to the Orcish Mines.
 29483 | Orc:1    | Entered Level 1 of the Orcish Mines
 30573 | Orc:2    | Entered Level 2 of the Orcish Mines
 30756 | Orc:2    | Found a staircase to the Elven Halls.
 30974 | Orc:1    | Reached skill level 10 in Stealth
 32320 | Orc:2    | Reached XP level 15. HP: 74/89 MP: 10/29
 32460 | Orc:2    | Reached skill level 14 in Earth Magic
 33489 | Orc:2    | Noticed an orc warlord
 34468 | Orc:2    | Killed an orc warlord
 34766 | Orc:2    | Found Wiow's Antique Armour Shoppe.
 34767 | Orc:2    | Found Capheuji's Antique Weapon Shoppe.
 34769 | Orc:2    | Found Wyvuuweo's General Store.
 34769 | Orc:2    | Found Pawkyu Ujemp's Book Emporium.
 34839 | Orc:2    | Bought the -2 hat of the Alchemist {rElec rPois rF+ rC+ rN+
                  | Will+ rMut rCorr} for 1368 gold pieces
 34839 | Orc:2    | Found the -2 hat of the Alchemist {rElec rPois rF+ rC+ rN+
                  | Will+ rMut rCorr}
 35106 | Snake:1  | Entered Level 1 of the Snake Pit
 35340 | Snake:1  | Found a transporter.
 35859 | Snake:1  | Found a transporter.
 35944 | Snake:1  | Found a transporter.
 35994 | Snake:1  | Found a transporter.
 36007 | Snake:1  | Found a transporter.
 36036 | Snake:1  | Found Kiapyeg's Antique Armour Shop.
 36044 | Snake:1  | Noticed Jorgrun
 36145 | Snake:1  | Killed Jorgrun
 36339 | Snake:1  | Found a transporter.
 39194 | Snake:2  | Identified the +12 chain mail "Jiyhed" {Will+}
 39245 | Snake:2  | Noticed Mlioglotl
 39600 | Snake:3  | Noticed Vashnia
 39884 | Elf:1    | Entered Level 1 of the Elven Halls
 39902 | Elf:1    | Reached skill level 15 in Earth Magic
 40137 | Elf:1    | Reached XP level 16. HP: 30/96 MP: 16/31
 41701 | D:12     | Noticed a sphinx
 41702 | D:12     | Noticed a storm dragon
 42299 | D:12     | Killed a storm dragon
 42300 | D:12     | Reached skill level 1 in Fire Magic
 42306 | D:12     | Killed a sphinx
 43060 | D:12     | Identified the ring of Kungiuri {rN+ Will+}
 44448 | D:14     | Reached skill level 10 in Armour
 44695 | D:14     | Reached skill level 10 in Fighting
 44809 | D:14     | Found a sparkling altar of Nemelex Xobeh.
 45183 | D:14     | Found a white marble altar of Elyvilon.
 45748 | D:14     | Found a gate to the Vaults.
 46100 | Orc:2    | Bought a book of the Earth for 576 gold pieces
 46106 | Orc:2    | Learned a level 5 spell: Lee's Rapid Deconstruction
 46422 | Elf:1    | Found Bukk's Antique Armour Boutique.
 47015 | Elf:1    | HP: 3/97 [+2 vorpal battleaxe (10)]
 47015 | Elf:1    | HP: 1/97 [+2 vorpal battleaxe (2)]
 47180 | Elf:1    | Noticed a Tzitzimitl
 47348 | Elf:1    | Reached XP level 17. HP: 103/103 MP: 22/33
 47628 | Elf:1    | Reached skill level 16 in Earth Magic
 48244 | Elf:1    | Identified the ring "Yrchiz" {AC+4 Int+4}
 49652 | Elf:2    | Noticed a Tzitzimitl
 50463 | Elf:2    | Noticed an Ice Fiend
 50657 | Elf:2    | Found a huge runed translucent gate.
 50657 | Elf:2    | Found a huge runed translucent gate.
 50657 | Elf:2    | Found a huge runed translucent gate.
 50657 | Elf:2    | Found a huge runed translucent gate.
 50657 | Elf:2    | Found a huge runed translucent gate.
 52411 | Elf:3    | Entered Level 3 of the Elven Halls
 52908 | Elf:3    | Reached skill level 15 in Conjurations
 53137 | Elf:3    | Reached XP level 18. HP: 110/110 MP: 12/35
 53241 | Elf:3    | Reached skill level 10 in Shields
 53491 | Elf:3    | Noticed a deep elf master archer
 53741 | Elf:3    | Killed a deep elf master archer
 53936 | Elf:3    | Noticed a deep elf blademaster
 53957 | Elf:3    | Reached skill level 17 in Earth Magic
 54353 | Elf:2    | Killed a deep elf blademaster
 54909 | Elf:3    | Noticed a deep elf blademaster
 54915 | Elf:3    | Killed a deep elf blademaster
 54915 | Elf:3    | Identified the +1 robe of Monotheism {Harm rPois Int-5}
 54915 | Elf:3    | Identified the amulet of Hoamut {Faith rF+}
 55354 | Elf:3    | Noticed a deep elf master archer
 55360 | Elf:3    | Killed a deep elf master archer
 55590 | Elf:3    | Identified the +1 chain mail of Suhupt {rC+}
 55590 | Elf:3    | Noticed a deep elf blademaster
 55872 | Elf:3    | Identified the +8 trident of Peysoll {holy, Contam +Blink
                  | rElec Stlth+}
 55874 | Elf:3    | Noticed a deep elf master archer
 55881 | Elf:3    | Killed a deep elf master archer
 55882 | Elf:3    | Reached skill level 5 in Fire Magic
 56071 | Elf:3    | Got the Grimoire of Creative Fire
 56112 | Elf:3    | Got Vyst's Disquisition on Creative Fire
 56121 | Elf:3    | Got the Reference Book on the Earthen Oath
 56905 | Snake:2  | Killed Mlioglotl
 57854 | Snake:3  | Found Ytuunatu's General Store.
 58665 | Shoals:1 | Entered Level 1 of the Shoals
 59283 | Shoals:1 | Found Simeixt's Mayhem Merchandise.
 59386 | Shoals:1 | Noticed Frances
 60141 | Shoals:1 | Reached XP level 19. HP: 116/116 MP: 23/36
 60182 | Shoals:1 | Killed Frances
 61491 | Shoals:2 | Noticed Polyphemus
 61671 | Shoals:2 | Killed Polyphemus
 61951 | Shoals:2 | Found Eloaho Neigi's Overcharged Wands.
 63149 | Shoals:3 | Found Lueqyet's General Store.
 63224 | Shoals:3 | Identified the +5 eveningstar of the Hungering Eel {flame,
                  | Fly rPois rF+++ Str-5}
 63399 | Shoals:3 | Reached skill level 18 in Earth Magic
 63401 | Shoals:3 | Found Hetig's Magic Scroll Emporium.
 63410 | Shoals:3 | Bought a scroll of blinking for 157 gold pieces
 63518 | Shoals:3 | Found Ibbyn's Antique Weapon Emporium.
 63540 | Shoals:3 | Found Neonieg's Antique Weapon Shoppe.
 64220 | Shoals:3 | Found a hide-covered altar of Uskayaw.
 64616 | Shoals:3 | Found Ygagenn's Distillery.
 64938 | Shoals:4 | Entered Level 4 of the Shoals
 64938 | Shoals:4 | Found Teven's Antique Weapon Emporium.
 64945 | Shoals:4 | Found Refofaesk's Book Shoppe.
 64946 | Shoals:4 | Noticed Ilsuiw
 64959 | Shoals:4 | Killed Ilsuiw
 65667 | Shoals:4 | Found Basysadugg's Weapon Emporium.
 66031 | Shoals:4 | Got the Compendium of Venom
 66183 | Shoals:4 | Identified the +10 chain mail of Bajuyc {Str+2}
 66407 | Shoals:4 | Found Taag's General Store.
 66486 | Shoals:4 | Found Ulan's Armour Boutique.
 67218 | Shoals:4 | Got a barnacled rune of Zot
 68593 | Snake:3  | Got Vupoet's Catalogue of Unholy Rites
 69671 | Snake:3  | Killed Vashnia
 69672 | Snake:3  | Reached XP level 20. HP: 68/124 MP: 0/38
 70649 | Snake:4  | Entered Level 4 of the Snake Pit
 72177 | Snake:4  | Reached skill level 19 in Earth Magic
 72702 | Snake:4  | Found Syetrue's Jewellery Shop.
 72702 | Snake:4  | Found Kyezigra's Book Shoppe.
 72703 | Snake:4  | Found Rorirchie's Jewellery Shop.
 73911 | Snake:4  | Reached skill level 15 in Spellcasting
 74626 | Snake:4  | Identified a scroll of acquirement
 76885 | Snake:4  | Got a serpentine rune of Zot
 77757 | D:15     | Entered Level 15 of the Dungeon
 77918 | D:15     | Found a large runed translucent door.
 77918 | D:15     | Found a large runed translucent door.
 77922 | D:15     | Noticed Epsin's ghost (journeyman MiFi)
 77934 | D:15     | Identified the +2 robe of the Thistle {Will+}
 78216 | Lair:3   | Killed Tinylith's ghost
 78238 | Lair:3   | Killed Kirke
 78745 | D:15     | Found a staircase to the Depths.
 78750 | D:15     | Reached XP level 21. HP: 132/132 MP: 29/40
 78876 | D:15     | Found an iron altar of Okawaru.
 79169 | D:15     | Acquired the Tome of the Mountains
 79181 | D:15     | Learned a level 9 spell: Shatter
 79181 | D:15     | Acquired the +0 pair of gloves "Zyexeh" {MP+9}
 79252 | D:15     | Learned a level 8 spell: Lehudib's Crystal Spear
 79257 | D:15     | Found Gozag's Platinum Reserve.
 79260 | D:15     | Found an opulent altar of Gozag.
 79291 | D:15     | Acquired 817 gold pieces
 79293 | D:15     | Acquired a staff of earth
 79419 | D:15     | Killed Epsin's ghost
 79423 | D:15     | Identified the +5 great sword of Sunlight {venom, rN+ Str-4
                  | Dex+6}
 79539 | Depths:1 | Entered Level 1 of the Depths
 79904 | Depths:1 | Found a one-way gateway to a ziggurat.
 80063 | Depths:1 | Found a gateway to Hell.
 80198 | Depths:1 | Noticed Aizul
 80227 | D:15     | Killed Aizul
 81330 | Depths:1 | Found a glowing golden altar of the Shining One.
 81387 | Depths:1 | Noticed a golden dragon
 81392 | Depths:1 | Killed a golden dragon
 81590 | Depths:2 | Found a one-way gate leading to the halls of Pandemonium.
 81698 | Depths:2 | Found a flickering gateway to a bazaar.
 81705 | Bazaar   | Entered a bazaar
 81785 | Bazaar   | Found Taolurph's General Store.
 81787 | Bazaar   | Found Elanyeqe's Magic Scroll Shop.
 81791 | Bazaar   | Bought a scroll of teleportation for 36 gold pieces
 81799 | Bazaar   | Bought a scroll of teleportation for 36 gold pieces
 81799 | Bazaar   | Bought a scroll of teleportation for 36 gold pieces
 81799 | Bazaar   | Bought a scroll of teleportation for 36 gold pieces
 81799 | Bazaar   | Bought a scroll of magic mapping for 42 gold pieces
 81804 | Bazaar   | Found Ungasmy's Magic Scroll Shoppe.
 81808 | Bazaar   | Bought a scroll of teleportation for 27 gold pieces
 81808 | Bazaar   | Found Epallih's Weapon Emporium.
 81838 | Bazaar   | Bought a scroll of holy word for 67 gold pieces
 81846 | Bazaar   | Bought a scroll of holy word for 90 gold pieces
 82285 | Depths:2 | Paralysed by a floating eye for 4 turns
 82381 | Depths:2 | Reached skill level 20 in Earth Magic
 82668 | Depths:2 | Found a radiant altar of Vehumet.
 83219 | Depths:2 | You are sucked into a shaft and drop 2 floors!
 83219 | Depths:4 | Entered Level 4 of the Depths
 83361 | Depths:4 | Reached skill level 15 in Fighting
 84081 | Depths:3 | Found a one-way gate to the infinite horrors of the Abyss.
 84193 | Depths:2 | Noticed Bai Suzhen
 84199 | Depths:2 | Killed Bai Suzhen
 84984 | Depths:3 | Found Neiceduz's Jewellery Boutique.
 84986 | Depths:3 | Found Mureas's Antique Armour Shop.
 84988 | Depths:3 | Found Papol's General Store.
 86240 | Depths:4 | Found the +4 skin of Zhor {*Englaciate rC+++ SInv}
 86253 | Depths:4 | Noticed a golden dragon
 86261 | Depths:4 | Killed a golden dragon
 86921 | Depths:4 | Reached XP level 22. HP: 108/140 MP: 26/42
 87580 | Depths:4 | Found a gate to the Realm of Zot.
 87859 | Depths:4 | Identified the amulet of Dithmenos's Delight {Reflect
                  | Fragile rC++ Will+ SH+5}
 87949 | Depths:4 | Found a shadowy altar of Dithmenos.
 88709 | Vaults:1 | Entered Level 1 of the Vaults
 88778 | Vaults:1 | Found a glowing golden altar of the Shining One.
 88779 | Vaults:1 | Found a crumbling gateway.
 88779 | Vaults:1 | Found a white marble altar of Elyvilon.
 88809 | Vaults:1 | Found a glowing silver altar of Zin.
 88817 | Desolati | Entered the Desolation of Salt
 89301 | Desolati | Reached skill level 15 in Stealth
 89529 | Desolati | Identified the +6 bardiche of Breach {freeze, rElec rN+}
 89760 | Desolati | Identified the ring "Sacs" {Fly rN+ Str+4}
 89763 | Desolati | Identified the +10 flail of Obeceij {vorpal, rPois rN+
                  | Str+4}
 89824 | Desolati | Got the Grimoire of Pathos
 89850 | Desolati | Identified the +8 shortbow "Veokyles" {flame, Will+ Stlth+}
 90111 | Desolati | Learned a level 7 spell: Orb of Destruction
 90560 | Desolati | Identified the ring "Wej Nakh" {Ice rN+}
 91015 | Desolati | Identified the +1 cloak of the Fiend {Will+}
 91019 | Desolati | Got Kudeg's Reference Book on Scorching Stones
 91023 | Desolati | Identified the +1 ring mail of the Equator {rPois Will+
                  | Str-4}
 92235 | Vaults:1 | Reached skill level 21 in Earth Magic
 93028 | Vaults:2 | Noticed Sojobo
 93038 | Vaults:2 | Killed Sojobo
 94226 | Vaults:2 | You are sucked into a shaft and drop 2 floors!
 94456 | Vaults:4 | Found Uxuodos's Book Shoppe.
 95087 | Vaults:4 | Reached XP level 23. HP: 148/148 MP: 43/43
 95826 | Vaults:4 | Reached skill level 10 in Fire Magic
 96448 | Vaults:4 | Found a large runed translucent door.
 96448 | Vaults:4 | Found a large runed translucent door.
 96452 | Vaults:4 | Noticed tamionv's ghost (adept GrFi)
 96971 | Vaults:5 | Entered Level 5 of the Vaults
 97209 | Vaults:5 | Noticed an ancient lich
 97210 | Vaults:5 | Reached skill level 22 in Earth Magic
 97291 | Vaults:5 | Noticed an ancient lich
 97292 | Vaults:5 | Killed an ancient lich
 97293 | Vaults:5 | Noticed a golden dragon
 97735 | Vaults:4 | Killed a golden dragon
 98095 | Vaults:4 | Killed an ancient lich
 98744 | Vaults:5 | Noticed a golden dragon
 98746 | Vaults:5 | Reached skill level 15 in Armour
 98761 | Vaults:4 | Reached XP level 24. HP: 116/157 MP: 2/44
 99168 | Vaults:5 | Identified the +7 shortbow of Disembowelment {venom, Fly}
 99479 | Vaults:5 | Found the +8 mithril axe "Arga" {speed, Will+}
 99588 | Vaults:5 | Identified the +0 leather armour "Ziorr" {Contam rC+++
                  | Regen+ rCorr SInv}
 99592 | Vaults:5 | Noticed a dread lich
 99850 | Vaults:5 | Killed a dread lich
 99929 | Vaults:5 | Noticed an ancient lich
 99933 | Vaults:5 | Killed an ancient lich
100167 | Vaults:5 | Got a silver rune of Zot
100328 | Vaults:5 | Identified the +3 flail of the Crypt {vorpal, rElec SInv
                  | Stlth+}
100412 | Vaults:5 | Identified the +0 leather armour "Fyerch" {rC+ Will+ Int+4}
100944 | Vaults:5 | Identified the +8 flail "Hellblazer" {flame, Drain rElec
                  | Int+6 Dex+3}
102338 | Vaults:3 | Reached skill level 23 in Earth Magic
103115 | Vaults:3 | Identified the +5 plate armour of Heaghi {Will+}
104033 | Vaults:2 | Noticed Asterion
104037 | Vaults:2 | Killed Asterion
104459 | Vaults:2 | Found a staircase to the Crypt.
105107 | Vaults:2 | Reached XP level 25. HP: 164/164 MP: 10/45
106129 | Slime:1  | Entered Level 1 of the Pits of Slime
107637 | Slime:4  | Gained mutation: Your spells are a little easier to cast,
                  | but a little less powerful. [a shining eye]
108629 | Slime:5  | Entered Level 5 of the Pits of Slime
109588 | Slime:5  | Noticed the Royal Jelly
109797 | Slime:5  | Found a viscous altar of Jiyva.
110089 | Slime:5  | Killed the Royal Jelly
110090 | Slime:5  | Reached skill level 24 in Earth Magic
110637 | Slime:5  | Identified the +7 lajatang "Giantslayer" {pain, rC+ Str+2
                  | Int+4}
110644 | Slime:5  | Got a slimy rune of Zot
110698 | Slime:5  | Identified the ring of the Traitor {rPois rC- AC+4 Str+6}
110701 | Slime:5  | Identified the +10 mace of Greatest Utility {drain, rElec
                  | rPois rC- Dex+3}
110730 | Slime:5  | Learned a level 3 spell: Swiftness
110740 | Slime:5  | Learned a level 5 spell: Fireball
111315 | Crypt:1  | Entered Level 1 of the Crypt
113853 | Crypt:2  | Noticed Boris
113872 | Crypt:2  | Killed Boris
115540 | Crypt:2  | Found a basalt altar of Yredelemnul.
115664 | Crypt:2  | Reached XP level 26. HP: 172/172 MP: 34/46
116121 | Crypt:3  | Entered Level 3 of the Crypt
117122 | Crypt:3  | Found an ancient bone altar of Kikubaaqudgha.
117512 | Crypt:3  | Reached skill level 1 in Axes
118563 | Crypt:3  | Found a staircase to the Tomb.
118663 | Crypt:3  | Got the Guide on Sinister Rituals
119334 | Crypt:3  | Reached skill level 25 in Earth Magic
119585 | Tomb:1   | Entered Level 1 of the Tomb of the Ancients
120958 | Tomb:1   | Noticed a royal mummy
120965 | Tomb:1   | Killed a royal mummy
121088 | Tomb:1   | Identified the +3 spear "Gatoisch" {venom, Will+ Str+4}
121276 | Tomb:1   | Identified the amulet "Ogymey" {Acrobat Fly rElec SInv}
121693 | Tomb:1   | Noticed a royal mummy
121704 | Tomb:1   | Noticed a royal mummy
121704 | Tomb:1   | Noticed a royal mummy
121705 | Tomb:1   | Killed a royal mummy
121859 | Tomb:1   | Noticed a royal mummy
121864 | Tomb:1   | Killed a royal mummy
121973 | Tomb:1   | Noticed a royal mummy
121974 | Tomb:1   | Noticed a royal mummy
121978 | Crypt:3  | Killed a royal mummy
122144 | Tomb:1   | Noticed a royal mummy
122149 | Crypt:3  | Killed a royal mummy
122441 | Crypt:3  | Killed a royal mummy
122445 | Crypt:3  | Killed a royal mummy
122619 | Tomb:1   | Killed a royal mummy
122685 | Tomb:1   | Noticed a royal mummy
122690 | Tomb:1   | Killed a royal mummy
122844 | Tomb:1   | Noticed a royal mummy
122846 | Tomb:1   | Noticed a royal mummy
122851 | Tomb:1   | Noticed a royal mummy
122854 | Tomb:1   | Noticed a royal mummy
122854 | Tomb:1   | Noticed a royal mummy
122855 | Tomb:1   | Killed a royal mummy
122855 | Tomb:1   | Noticed a royal mummy
122856 | Tomb:1   | Reached skill level 5 in Axes
122856 | Tomb:1   | Killed a royal mummy
123275 | Tomb:1   | Killed a royal mummy
123389 | Tomb:1   | Noticed a royal mummy
123394 | Tomb:1   | Killed a royal mummy
123427 | Tomb:1   | Noticed a royal mummy
123441 | Tomb:1   | Killed a royal mummy
123805 | Tomb:1   | Noticed a royal mummy
123812 | Tomb:1   | Killed a royal mummy
123813 | Tomb:1   | Reached XP level 27. HP: 179/179 MP: 23/47
123904 | Tomb:1   | Killed a royal mummy
123987 | Crypt:3  | Lost mutation: You tend to lose your temper in combat.
                  | [potion of mutation]
123987 | Crypt:3  | Lost mutation: You passively dampen the noise of your
                  | surroundings. [potion of mutation]
123987 | Crypt:3  | Lost mutation: Your spells are a little easier to cast, but
                  | a little less powerful. [potion of mutation]
123987 | Crypt:3  | Gained mutation: You have large cloven feet. [potion of
                  | mutation]
123987 | Crypt:3  | Gained mutation: You tend to lose your temper in combat.
                  | [potion of mutation]
123987 | Crypt:3  | Gained mutation: Your muscles are strong. (Str +2) [potion
                  | of mutation]
123988 | Crypt:3  | Lost mutation: You tend to lose your temper in combat.
                  | [potion of mutation]
123988 | Crypt:3  | Lost mutation: You have large cloven feet. [potion of
                  | mutation]
123988 | Crypt:3  | Lost mutation: You are strong-willed. (Will+) [potion of
                  | mutation]
123988 | Crypt:3  | Gained mutation: Your flesh is cold resistant. (rC+)
                  | [potion of mutation]
123988 | Crypt:3  | Gained mutation: Your body sometimes deteriorates upon
                  | taking damage. [potion of mutation]
123989 | Crypt:3  | Lost mutation: Your flesh is cold resistant. (rC+) [potion
                  | of mutation]
123989 | Crypt:3  | Lost mutation: Your body sometimes deteriorates upon taking
                  | damage. [potion of mutation]
123989 | Crypt:3  | Gained mutation: You possess an exceptional clarity of
                  | mind. [potion of mutation]
123989 | Crypt:3  | Gained mutation: You are agile. (Dex +2) [potion of
                  | mutation]
123989 | Crypt:3  | Gained mutation: You are robust. (+10% HP) [potion of
                  | mutation]
124085 | Tomb:1   | Noticed a royal mummy
124088 | Tomb:1   | Noticed a royal mummy
124089 | Tomb:1   | Killed a royal mummy
124092 | Tomb:1   | Killed a royal mummy
124227 | Tomb:1   | Noticed a royal mummy
124231 | Tomb:1   | Killed a royal mummy
124231 | Tomb:1   | Noticed a royal mummy
124246 | Tomb:1   | Killed a royal mummy
124892 | Tomb:1   | Noticed a royal mummy
124898 | Tomb:1   | Killed a royal mummy
124960 | Tomb:1   | Killed a royal mummy
125221 | Tomb:2   | Noticed a royal mummy
125221 | Tomb:2   | Noticed a royal mummy
125223 | Tomb:2   | Noticed Khufu
125225 | Tomb:2   | Noticed a royal mummy
125226 | Tomb:2   | Noticed a royal mummy
125798 | Hell     | Entered the Vestibule of Hell
125799 | Hell     | Noticed Geryon
126548 | Hell     | Killed Geryon
126954 | Hell     | Reached skill level 26 in Earth Magic
127473 | Hell     | Found a gateway to the ashen valley of Gehenna.
127675 | Hell     | Found a gateway to the decaying netherworld of Tartarus.
127893 | Hell     | Found a gateway to the freezing wastes of Cocytus.
128027 | Hell     | Found a gateway to the Iron City of Dis.
128259 | Pan      | Entered Pandemonium
130444 | Pan      | Noticed Ifrule the pandemonium lord
131172 | Pan      | Killed Ifrule the pandemonium lord
132563 | Pan      | Noticed Zeotsuv the pandemonium lord
132573 | Pan      | Killed Zeotsuv the pandemonium lord
133730 | Pan      | Noticed Len Uqixas the pandemonium lord
133833 | Pan      | Killed Len Uqixas the pandemonium lord
134300 | Pan      | Lost mutation: You are agile. (Dex +2) [a cacodemon]
134301 | Pan      | Gained mutation: You sometimes lose the ability to read
                  | scrolls when taking damage. [a cacodemon]
135153 | Pan      | Gained mutation: Potions are less effective at restoring
                  | your health. [a cacodemon]
135602 | Pan      | Identified the +0 leather armour of Sunlight {Will+ Slay+2}
136333 | Pan      | Entered the realm of Gloorx Vloq.
136346 | Pan      | Reached skill level 27 in Earth Magic
136716 | Pan      | Found an exit through the horrors of the Abyss.
137252 | Pan      | Reached skill level 10 in Axes
138113 | Pan      | Lost mutation: You possess an exceptional clarity of mind.
                  | [potion of mutation]
138113 | Pan      | Lost mutation: You are robust. (+10% HP) [potion of
                  | mutation]
138113 | Pan      | Lost mutation: Potions are less effective at restoring your
                  | health. [potion of mutation]
138113 | Pan      | Gained mutation: You are frail. (-10% HP) [potion of
                  | mutation]
138113 | Pan      | Lost mutation: You are frail. (-10% HP) [potion of
                  | mutation]
138114 | Pan      | Lost mutation: You sometimes lose the ability to read
                  | scrolls when taking damage. [potion of mutation]
138114 | Pan      | Lost mutation: Your muscles are strong. (Str +2) [potion of
                  | mutation]
138114 | Pan      | Gained mutation: You sometimes lose the ability to read
                  | scrolls when taking damage. [potion of mutation]
138114 | Pan      | Gained mutation: Your muscles are strong. (Str +2) [potion
                  | of mutation]
138115 | Pan      | Lost mutation: Your muscles are strong. (Str +2) [potion of
                  | mutation]
138115 | Pan      | Lost mutation: You sometimes lose the ability to read
                  | scrolls when taking damage. [potion of mutation]
138115 | Pan      | Gained mutation: You are covered in fur. (AC +1) [potion of
                  | mutation]
138115 | Pan      | Gained mutation: You do not regenerate when monsters are
                  | visible. [potion of mutation]
138116 | Pan      | Lost mutation: You do not regenerate when monsters are
                  | visible. [potion of mutation]
138116 | Pan      | Lost mutation: You are covered in fur. (AC +1) [potion of
                  | mutation]
138116 | Pan      | Gained mutation: Your magical capacity is low. (-10% MP)
                  | [potion of mutation]
138116 | Pan      | Gained mutation: You have supernaturally acute eyesight.
                  | (SInv) [potion of mutation]
140354 | Pan      | Noticed Gloorx Vloq
140357 | Pan      | Got a dark rune of Zot
140864 | Pan      | Identified the +1 ring mail of Creativity {rF+ Regen+}
140875 | Pan      | Reached skill level 10 in Dodging
141051 | Pan      | Found a runed translucent door.
141055 | Pan      | Found a runed translucent door.
141058 | Pan      | Found a runed translucent door.
141062 | Pan      | Noticed Sazuemp the pandemonium lord
141068 | Pan      | Killed Sazuemp the pandemonium lord
141416 | Pan      | Gained mutation: You are frail. (-10% HP) [a cacodemon]
141855 | Pan      | HP: 8/165 [Executioner (4)]
141855 | Pan      | HP: 1/165 [demonspawn corrupter (6)]
141869 | Pan      | HP: 8/165 [demonspawn warmonger (19)]
141895 | Pan      | Found an exit through the horrors of the Abyss.
144638 | Pan      | Gained mutation: Your movements are slightly less
                  | encumbered by armour. (ER -2) [a neqoxec]
147557 | Pan      | HP: 7/165 [sun demon[a balrug] (6)]
147589 | Pan      | HP: 4/165 [sun demon (17)]
147589 | Pan      | Slain by a sun demon

Illustrated notes

Levels and vault maps discovered:
D:1:      lordsloth_arrival_two_stooges, layout_rooms,
          hellmonk_ecumenical_altar_watching_god, minmay_domino_4
D:2:      minmay_chambers_of_ones, layout_basic
D:3:      layout_basic, gammafunk_temple_overflow_forgotten, serial_shops,
          nicolae_shop_hallway_plus, uniq_ijyb
D:4:      layout_basic, minmay_temple_entry_proselytizer, minmay_surrounded
D:5:      layout_cave_pools, minivault_5
D:6:      layout_basic, minmay_misc_feat_room
D:7:      layout_rooms, amethyst_killhole
D:8:      layout_loops_ring, lair_entry_dummy, special_room [special_room_orc]
D:9:      layout_rooms, zin_angel, kennysheep_generic_room_5
D:10:     layout_rooms, mainiacjoe_overflow_cross_hatched,
          nicolae_overflow_hidden_temple, jmf_multi_god_temple2
D:11:     layout_roguey, minmay_orc_entry_temple_small, gauntlet_entry_generic
D:12:     minmay_tile_spiral, layout_basic, minivault_20
D:13:     layout_stronghold, minmay_statues_item
D:14:     layout_roguey, grunt_vaults_entry_tiered, nemelex_spade_bored_becter,
          elyvilon_altar_5
D:15:     grunt_enter_depths_magical_seal, layout_irregular_city,
          ebering_ghost_disaster_area, okawaru_ov_weapons_minmay,
          nicolae_gozag_zags_fifth_avenue
Temple:   minmay_temple_curvy_branch
Lair:1:   layout_gridlike
Lair:2:   layout_cellular_growth, lemuel_fruit_tree, uniq_nergalle,
          uniq_gastronok
Lair:3:   layout_chaotic_city, elwin_shoals_entry_stream,
          minmay_snake_entry_guardpost_medium, ebering_ghost_disaster_area
Lair:4:   wander_river, layout_loops_ring, chequers_serial_rivers_micro_e,
          grunt_megastairs_3, infiniplex_staircase_pool_2, uniq_kirke
Lair:5:   layout_layer_cave, slime_altar_1, cheibrodos_lair_reptile_den,
          grunt_megastairs_4, serial_bayou_shore_b, infiniplex_staircase_pool,
          uniq_snorg
Lair:6:   evil_forest, layout_concentric_octagons, lemuel_old_faithful
Shoals:1: layout_shoals, minmay_shop_mayhem, nicolae_shoals_secluded_bog,
          uniq_frances
Shoals:2: layout_shoals, nicolae_shop_overcharged_wands, uniq_polyphemus
Shoals:3: layout_shoals, serial_shops, shop, shop_coins,
          nicolae_shop_waterfront, shop, shop, regret_index_shoals_crete
Shoals:4: shoals_end_grunt_ice, layout_shoals, shoals_ilsuiw_alternative,
          serial_shops, nicolae_shop_bloodbath_and_beyond, shop,
          nicolae_shop_hallway_stairs, shop, nicolae_shop_behind_doors,
          nicolae_shoals_stone_sculpture_thing
Snake:1:  layout_cave_shapes, serial_shops, nicolae_shop_hallway_plus,
          serial_nicolae_subway, nicolae_sub_station_crystal,
          nicolae_sub_station_metal, nicolae_sub_station_stone, uniq_jorgrun
Snake:2:  layout_honeycomb, nrook_guardian_serpent_ordinary, uniq_mlioglotl
Snake:3:  layout_basic, serial_shops, nicolae_shop_advertising_works
          [nicolae_subvault_shop_adworks], uniq_vashnia
Snake:4:  grunt_snake_rune_pools, layout_cave_town, grunt_ministairs_1,
          serial_bayou_pond_b, nicolae_snake_storage_room, minmay_shop_grove
Slime:1:  layout_caves
Slime:2:  layout_caves
Slime:3:  layout_caves
Slime:4:  layout_caves
Slime:5
Orc:1:    layout_caves
Orc:2:    st_orc_congregation, layout_caves
Elf:1:    eino_elf_arrival_shootout, layout_geoelf_grid, serial_shops, shop,
          hangedman_elf_represent, minivault_16
Elf:2:    elven_hall_of_blades_hangedman_alternative
          [mumra_blade_entry_bloodbath], layout_geoelf_grid, serial_sigils,
          serial_sigils_hangedman_stare, serial_sigils_hangedman_scar,
          serial_sigils_hangedman_shear, serial_sigils_hangedman_quiver
Elf:3:    minmay_elf_hall_furrowed, layout_geoelf_octagon
Vaults:1: portal_desolation_entry_holy_temple, v_misc_26,
          hangedman_vaults_locks, nicolae_vaults_shelves_hall,
          ontoclasm_vaults_ligature, nicolae_vaults_alarming, v_misc_26,
          nicolae_vaults_little_squares_5, nicolae_vaults_mini_display_case,
          layout_vaults_chaotic_city
Vaults:2: nicolae_vaults_twisting_passages, v_alt_pattern_2,
          nicolae_vaults_yaktaur_gun_rack, ontoclasm_vaults_shout,
          ontoclasm_vaults_eye, blue_anna_dwarven_crypt,
          nicolae_vaults_little_ls, v_misc_12, hangedman_vaults_stream,
          vaults_mumra_lcd, ontoclasm_vaults_ring_small, layout_vaults_ring,
          uniq_asterion, uniq_sojobo
Vaults:3: ontoclasm_vaults_ring_large, vaults_standard_mumra_x,
          nicolae_vaults_big_ls, vaults_mumra_hexcomb, grunt_vaults_funnel,
          nicolae_vaults_network_quinsquares
          [nicolae_vaults_network_quincunx_subvault,
          nicolae_vaults_network_quincunx_subvault,
          nicolae_vaults_network_quincunx_subvault,
          nicolae_vaults_network_quincunx_subvault], vaults_room_fancy_cross,
          hangedman_vaults_stretched_pinwheel, nicolae_vaults_network_periphery,
          vaults_mumra_chevron_long, nicolae_vaults_little_squares_1,
          vaults_dpeg_ring, v_misc_25, vaults_room_pools, layout_vaults_omnibox
Vaults:4: ebering_ghost_disaster_area, hangedman_vaults_restitches,
          grunt_vaults_swirl, grunt_vaults_hallway_long, ontoclasm_vaults_tryst,
          v_pattern_4, v_misc_29, vaults_mumra_minichess, ontoclasm_vaults_spin,
          vaults_room_hangedman_quadrants, nicolae_vaults_ring_of_whatevers,
          nicolae_vaults_little_squares_1, layout_vaults_maze_snakey,
          serial_shops, shop
Vaults:5: serial_shops
Crypt:1:  layout_basic, grunt_ministairs_2, grunt_crypt_arrival_guarded_gate
Crypt:2:  layout_regular_city, basic_altar, st_stairs_5, grunt_ministairs_6,
          hangedman_batty, uniq_boris
Crypt:3:  grunt_crypt_end_deaths_head
Tomb:1
Tomb:2:   uniq_khufu
Depths:1: layout_forbidden_donut, enter_ziggurat_c, lightli_too_deep,
          grunt_decor_cap, minivault_16, nicolae_sextant,
          nicolae_tso_carved_into_rock, uniq_aizul
Depths:2: minmay_angry_zag, layout_basic, vehumet_crystals, pan_entry,
          hangedman_tar_grid_catacomb, serial_shops, bzr_entry_islet,
          wad_dig_loot, minmay_staircase_statues, uniq_bai_suzhen
Depths:3: minmay_skeletal_surprise, layout_cave_pools, abyss_entry, hell_entry,
          minmay_shop_star, serial_bayou_shore_a,
          minmay_staircase_windowed_small, firewood_loft
Depths:4: grunt_zot_entry_alcove, layout_honeycomb, rand_demon_pan_entry_7,
          corexii_hall_statues_t, hell_entry, kennysheep_flooded_box,
          roderic_lattice_octagonal_star
Hell
Pan:      rand_demon_2, layout_rooms, nicolae_pan_sigil_obb,
          nicolae_pan_strange_glyphs [nicolae_pan_strange_glyph_disgust,
          nicolae_pan_strange_glyph_loneliness,
          nicolae_pan_strange_glyph_regret], rand_demon_8, layout_small_grid,
          rand_demon_9, layout_gridlike, nicolae_pan_diamonds,
          layout_irregular_city, evilmike_gloorx_vloq_box, layout_long_grid,
          rand_demon_7, layout_gridville, pan_blood_fountain,
          nicolae_pan_giant_door, layout_small_grid,
          evilmike_mini_pan_possible_glass, layout_pan_divisions_b
          [pan_division_quadrant_b3, pan_division_quadrant_b3,
          pan_division_quadrant_b3, pan_division_quadrant_b3],
          pan_blood_fountain_small, lemuel_hall_of_pain, layout_chambers,
          pan_blood_fountain_small

Skill      XL: |  1  2  3  4  5  6  7  8  9 10 11 12 13 14 15 16 17 18 19 20 21 22 23 24 25 26 27 |
---------------+----------------------------------------------------------------------------------+-----
Earth Magic    | 4 5 6 7 8 9 10 11 12 13 15 16 17 18 19 20 21 22 23 24 25 27 | 27.0
Fighting       | 1 2 3 4 5 6 7 8 9 10 11 13 14 15 16 17 18 19 20 22 | 22.2
Armour         | 1 2 3 4 5 6 7 8 9 10 11 12 13 14 15 16 17 19 | 19.1
Spellcasting   | 3 4 5 6 7 8 9 10 11 12 13 14 15 16 17 18 19 20 22 | 22.3
Dodging        | 2 3 4 5 6 7 8 9 10 | 10.4
Conjurations   | 1 2 3 4 6 7 8 10 11 12 13 14 15 16 17 18 19 20 21 22 23 25 | 25.7
Stealth        | 3 4 5 6 7 8 9 10 11 12 13 14 15 17 | 17.2
Shields        | 1 3 4 5 6 7 8 9 10 12 | 12.4
Fire Magic     | 2 4 5 6 7 8 9 10 | 10.1
Axes           | 5 12 | 12.0
Transmutations | |  0.7
Evocations     | |  0.3

Action                   |  1- 3 |  4- 6 |  7- 9 | 10-12 | 13-15 | 16-18 | 19-21 | 22-24 | 25-27 || total
-------------------------+-------+-------+-------+-------+-------+-------+-------+-------+-------++-------
Melee: Dagger            |    24 |       |       |       |       |       |       |       |       ||    24
       Short sword       |    34 |    42 |       |       |       |       |       |       |       ||    76
       Punch             |     1 |     2 |     1 |       |       |       |       |       |       ||     4
       War axe           |       |       |     8 |       |       |       |       |       |       ||     8
       Long sword        |       |       |    13 |    10 |    11 |     3 |       |       |       ||    37
       Staff             |       |       |     1 |     2 |     5 |     4 |     2 |     3 |     6 ||    23
       Rapier            |       |       |       |       |    17 |   100 |    91 |     3 |       ||   211
       Flail             |       |       |       |       |       |       |       |     3 |       ||     3
       Broad axe         |       |       |       |       |       |       |       |       |   601 ||   601
 Cast: Sandblast         |    33 |    75 |    75 |   199 |   191 |   111 |     2 |     2 |     9 ||   697
       Stone Arrow       |       |     3 |    97 |   158 |   588 |    76 |     8 |       |    14 ||   944
       Iron Shot         |       |       |       |     4 |   125 |   201 |   490 |   283 |  1147 ||  2250
       Iskenderun's Batt |       |       |       |     2 |       |       |       |       |     2 ||     4
       Sticky Flame      |       |       |       |       |     7 |       |       |       |       ||     7
       Lee's Rapid Decon |       |       |       |       |       |   294 |   366 |   378 |   616 ||  1654
       Blink             |       |       |       |       |       |       |     3 |       |     4 ||     7
       Orb of Destructio |       |       |       |       |       |       |       |     1 |     1 ||     2
       Shatter           |       |       |       |       |       |       |       |     8 |    26 ||    34
       Swiftness         |       |       |       |       |       |       |       |       |     1 ||     1
       Fireball          |       |       |       |       |       |       |       |       |     2 ||     2
Evoke: Wand              |       |       |       |     3 |     2 |     6 |    19 |     4 |    15 ||    49
       Box of beasts     |       |       |       |       |       |       |     1 |       |       ||     1
       Phantom mirror    |       |       |       |       |       |       |     1 |       |       ||     1
       Lightning rod     |       |       |       |       |       |       |       |       |     1 ||     1
       Phial of floods   |       |       |       |       |       |       |       |       |     1 ||     1
       Tin of tremorston |       |       |       |       |       |       |       |       |     1 ||     1
       Condenser vane    |       |       |       |       |       |       |       |       |     1 ||     1
  Use: Potion            |       |     4 |       |     4 |     1 |     2 |     2 |       |    37 ||    50
       Scroll            |       |     7 |     6 |     3 |     8 |     7 |    12 |     3 |    32 ||    78
 Stab: Sleeping          |     2 |     2 |     1 |       |       |       |       |       |       ||     5
       Invisible         |       |       |       |       |       |       |       |       |     4 ||     4
Armor: Robe              |    16 |    13 |       |       |       |       |       |       |       ||    29
       Skin              |       |    11 |       |       |       |       |       |       |     1 ||    12
       Leather armour    |       |     4 |    25 |   140 |   125 |       |       |       |       ||   294
       Troll leather arm |       |       |       |       |    76 |   178 |   163 |    14 |       ||   431
       Fire dragon scale |       |       |       |       |       |       |    50 |   105 |   816 ||   971
       Shadow dragon sca |       |       |       |       |       |       |       |    11 |   199 ||   210
Dodge: Dodged            |    34 |    39 |    37 |   148 |   201 |   217 |   162 |    70 |   474 ||  1382
Block: Kite shield       |       |       |       |    47 |   201 |    40 |   254 |   169 |  1256 ||  1967
       Buckler           |       |       |       |       |       |    69 |       |       |       ||    69
       Reflection        |       |       |       |       |       |       |       |    34 |     7 ||    41
       Other             |       |       |       |       |       |       |       |    11 |     1 ||    12
